cohdb
Replays
Latest Replays
All Replays
Popular Replays
Top Player Replays
Match Explorer
How It Works
Community
CoH3 Stats
Reddit
Sign in to upload your games and track your stats! →
Sign in with Steam
Match 45417689
Unlisted
Match 45417689
Overview
Messages
Build Orders
End
Royal Engineer Section
Selects Air and Sea Battlegroup
Vickers Machine Gun Team
Construct Section Command Post
Dingo Light Scout Car
Infantry Section
Infantry Section
Construct Platoon Command Post
Humber Armored Car
Humber Armored Car
Light Vehicle Training
Construct Field Infirmary
6-pounder Anti-tank Gun Team
Selects Commando Section Paradrop
Selects M1 Pack Howitzer Paradrop
Infantry Training
6-pounder Anti-tank Gun Team
Selects Anti-tank Rocket Loiter
Grenade Package
Construct Company Command Post
Selects Supply Surplus
Commando Section Paradrop
Selects UNKNOWN (223837)
Matilda II Heavy Tank
Matilda II Heavy Tank
Vickers Machine Gun Team
Born to Coom
UMirinBrah?
0
0
Comments
sign in to comment!
No comments posted yet!